AoeStats
← dark_29

Arabia

510609998Analyzed
1v1 RM · 1d ago on Oct 1, 2026· 40m 24s· 2 players
Game mode
Random Map
Map size
Tiny (2 player)
Population
200
Speed
Normal
Resources
Standard
Victory
Conquest
Starting age
Dark Age
Ending age
Imperial Age
RankedLock teamsTeams togetherTeam positionsShared explorationLock speedFull tech treeHidden civsTurbo modeCheats
Victory
Defeat
🇫🇷 Persians · France
800
+18
🇫🇷 Maya · France
834
-18
dark_29
0:26 Loom
10:11 Feudal Age
12:06 Horse Collar
12:14 Double-Bit Axe
18:19 Castle Age
18:11 Bloodlines
18:20 Gold Mining
19:35 Scale Barding Armor
21:25 Husbandry
23:22 Stone Mining
24:21 Heavy Plow
24:35 Bow Saw
28:58 Forging
32:32 Imperial Age
32:10 Iron Casting
31:26 Fletching
31:37 Padded Archer Armor
32:09 Ballistics
31:51 Murder Holes
32:04 Crossbowman
33:42 Kamandaran
34:56 Wheelbarrow
34:49 Bodkin Arrow
36:27 Chemistry
35:53 Leather Archer Armor
36:30 Cavalier
37:49 Ring Archer Armor
38:20 Blast Furnace
38:32 Chain Barding Armor
Fadoli
0:27 Loom
10:36 Feudal Age
11:33 Double-Bit Axe
14:43 Horse Collar
16:04 Fletching
19:52 Wheelbarrow
22:49 Castle Age
21:41 Gold Mining
21:42 Stone Mining
21:55 Padded Archer Armor
23:06 Crossbowman
23:52 Thumb Ring
23:45 Bodkin Arrow
24:45 Bow Saw
24:48 Heavy Plow
25:49 Ballistics
27:33 Leather Archer Armor
28:51 Hand Cart
28:22 Town Watch
29:02 Pikeman
29:43 Squires
29:28 Arson
29:49 Scale Mail Armor
30:00 Forging
30:52 Fervor
32:54 Town Patrol
34:01 Chain Mail Armor
34:22 Iron Casting
38:14 Imperial Age
38:22 Elite Plumed Archer
39:23 Conscription
39:39 Hoardings
39:48 Bracer
40:20 Ring Archer Armor
39:53 Murder Holes
Connection lost

Rejoining the realm…

Still unreachable

The connection could not be restored.

Session expired

The server has moved on; the page needs a fresh start.